[Event "ICC tourney 2438 (75 10)"]
[Site "Internet Chess Club"]
[Date "2021.03.06"]
[Round "1"]
[White "OPASKA, MICHAEL:mopaska1106"]
[Black "ZENG, ELBERT:investigator"]
[Result "0-1"]
[ICCResult "White resigns"]
[WhiteElo "1945"]
[BlackElo "2084"]
[Opening "Pirc: classical (two knights) system"]
[ECO "A48"]
[NIC "PU.10"]
[Time "13:02:35"]
[PlyCount "29"]
[TimeControl "4500+10"]

1. d4 Nf6 2. Nf3 g6 3. Nc3 Bg7 4. e4 d6 5. Be3 a6 6. Bd3 O-O 7. h3 Nc6 8.
O-O e5 9. dxe5 dxe5 10. Bg5 Be6 11. Qd2 Qd6 12. Rad1 Nd4 13. Nxd4 exd4 14.
Ne2 c5 15. f3 { White resigns } 0-1

[Event "ICC tourney 2438 (75 10)"]
[Site "Internet Chess Club"]
[Date "2021.03.06"]
[Round "1"]
[White "BERKLEY, DARRIN K:drberkley"]
[Black "CAO, TIMOTHY:tcao"]
[Result "0-1"]
[ICCResult "White resigns"]
[WhiteElo "1931"]
[BlackElo "2067"]
[Opening "French: Steinitz, Boleslavsky variation"]
[ECO "C11"]
[NIC "FR.04"]
[Time "13:02:50"]
[PlyCount "54"]
[TimeControl "4500+10"]

1. e4 e6 2. Nc3 d5 3. d4 Nf6 4. e5 Nfd7 5. f4 c5 6. Nf3 Nc6 7. Be3 Qb6 8.
Na4 Qa5+ 9. c3 c4 10. Qc2 b5 11. Nc5 Nxc5 12. dxc5 b4 13. Be2 Bxc5 14. Bxc5
Qxc5 15. Rd1 Rb8 16. Nd4 Nxd4 17. Rxd4 b3 18. axb3 Rxb3 19. O-O O-O 20. Bd3
h6 21. Be2 a5 22. g4 a4 23. Ra1 Bd7 24. Kg2 Rfb8 25. Ra2 a3 26. bxa3 Rxa3
27. Rd1 Ba4 { White resigns } 0-1

[Event "ICC tourney 2438 (75 10)"]
[Site "Internet Chess Club"]
[Date "2021.03.06"]
[Round "1"]
[White "TURCOTTE,JONATHAN:JonnyTurgi"]
[Black "KONEZNY, STUART:ChessCatMN08"]
[Result "1-0"]
[ICCResult "Black resigns"]
[WhiteElo "2087"]
[BlackElo "1954"]
[Opening "King's Indian: orthodox, Aronin-Taimanov, bayonet attack"]
[ECO "E97"]
[NIC "KI.05"]
[Time "13:02:10"]
[PlyCount "70"]
[TimeControl "4500+10"]

1. d4 Nf6 2. c4 g6 3. Nc3 Bg7 4. e4 d6 5. Be2 O-O 6. Nf3 e5 7. O-O Nc6 8.
d5 Ne7 9. b4 Nd7 10. a4 a5 11. Ba3 b6 12. bxa5 Rxa5 13. Bb4 Ra8 14. a5 bxa5
15. Rxa5 Rb8 16. Rb5 Ba6 17. Rxb8 Qxb8 18. Qa4 Bc8 19. Rb1 Nb6 20. Qa3 f5
21. c5 fxe4 22. Ng5 Nbxd5 23. Bc4 e3 24. fxe3 Bb7 25. cxd6 cxd6 26. Bxd6
Qc8 27. Qb3 Qf5 28. Bxe7 Qf2+ 29. Kh1 Kh8 30. Bxf8 Nxe3 31. Bxg7+ Kxg7 32.
Qxb7+ Kh6 33. Qxh7+ Kxg5 34. Ne4+ Kf4 35. Nxf2 e4 { Black resigns } 1-0

[Event "ICC tourney 2438 (75 10)"]
[Site "Internet Chess Club"]
[Date "2021.03.06"]
[Round "1"]
[White "FANG, JADEN:SaltyCarrot777"]
[Black "UAN-ZO-LI, SEAN A:BreadBasket"]
[Result "1-0"]
[ICCResult "Black resigns"]
[WhiteElo "2002"]
[BlackElo "1900"]
[Opening "Sicilian: Alapin's variation (2.c3)"]
[ECO "B22"]
[NIC "SI.46"]
[Time "13:02:05"]
[PlyCount "63"]
[TimeControl "4500+10"]

1. e4 c5 2. c3 d5 3. exd5 Qxd5 4. d4 Nc6 5. Nf3 Bg4 6. Be2 cxd4 7. cxd4 e6
8. Nc3 Bb4 9. O-O Bxc3 10. bxc3 Nge7 11. a4 O-O 12. Ba3 Rfd8 13. h3 Bh5 14.
Rb1 Rd7 15. Bxe7 Nxe7 16. Rb5 Bxf3 17. Rxd5 Bxd5 18. Qd2 Rc8 19. Rb1 Rdc7
20. c4 Bc6 21. a5 Rd7 22. a6 b6 23. Qf4 Rcd8 24. Rd1 e5 25. Qxe5 Ng6 26.
Qg3 Rxd4 27. Rxd4 Rxd4 28. Qb8+ Nf8 29. Qxa7 Re4 30. Qxb6 Re6 31. a7 Rg6
32. Qxc6 { Black resigns } 1-0

[Event "ICC tourney 2438 (75 10)"]
[Site "Internet Chess Club"]
[Date "2021.03.06"]
[Round "1"]
[White "MIKOYAN, SUREN:mikoyansuren"]
[Black "GOKTEPE, DERIN:CoolKoiFish"]
[Result "1-0"]
[ICCResult "Black resigns"]
[WhiteElo "2075"]
[BlackElo "1941"]
[Opening "QGD: Orthodox defense, Botvinnik variation"]
[ECO "D53"]
[NIC "QO.13"]
[Time "13:02:08"]
[PlyCount "97"]
[TimeControl "4500+10"]

1. d4 Nf6 2. Bg5 e6 3. c4 Be7 4. Nc3 d5 5. e3 Nbd7 6. Bd3 O-O 7. Nf3 b6 8.
O-O Bb7 9. Nd2 c5 10. Rc1 Rc8 11. a3 a6 12. cxd5 Nxd5 13. Bxe7 Qxe7 14.
Nxd5 exd5 15. dxc5 bxc5 16. Qc2 h6 17. Rfe1 Nf6 18. Bf5 Rc7 19. e4 g6 20.
exd5 Qd6 21. Be4 Bxd5 22. Bxd5 Qxd5 23. Red1 Re8 24. Nf3 Qe4 25. Rd6 Qxc2
26. Rxc2 Re6 27. Rxe6 fxe6 28. Kf1 g5 29. Ke2 Kf7 30. b4 Nd7 31. Nd2 Kf6
32. Ne4+ Ke5 33. Nxc5 Nxc5 34. Rxc5+ Rxc5 35. bxc5 Kd5 36. Kd3 Kxc5 37. Ke4
Kc4 38. h4 Kb3 39. f4 gxh4 40. Ke5 Kxa3 41. Kxe6 Kb2 42. f5 a5 43. f6 a4
44. f7 a3 45. f8=Q a2 46. Qb4+ Kc1 47. Qa3+ Kb1 48. Qb3+ Ka1 49. Qc2 {
Black resigns } 1-0

[Event "ICC tourney 2438 (75 10)"]
[Site "Internet Chess Club"]
[Date "2021.03.06"]
[Round "1"]
[White "REDDY, SATVIK:chesslead"]
[Black "Kodarapu, Ishaan:pika0008"]
[Result "1-0"]
[ICCResult "Black resigns"]
[WhiteElo "2119"]
[BlackElo "1965"]
[Opening "Sicilian: Labourdonnais-Löwenthal (Kalashnikov) variation"]
[ECO "B32"]
[NIC "SI.32"]
[Time "13:02:07"]
[PlyCount "105"]
[TimeControl "4500+10"]

1. e4 c5 2. Nf3 Nc6 3. d4 cxd4 4. Nxd4 e5 5. Nb5 d6 6. c4 Be7 7. N1c3 a6 8.
Na3 f5 9. exf5 Bxf5 10. Be2 Nf6 11. O-O Be6 12. Be3 O-O 13. Qd2 Qd7 14.
Rfd1 Rac8 15. Rac1 Kh8 16. Bf3 Bg4 17. Bxg4 Nxg4 18. Nc2 Nxe3 19. fxe3 Qe6
20. Qd5 Qxd5 21. Nxd5 Rfd8 22. Rf1 Rf8 23. b3 g6 24. Rfd1 Rfd8 25. Nb6 Rc7
26. e4 Bg5 27. Nd5 Rf7 28. Rf1 Rdf8 29. Rxf7 Rxf7 30. Rd1 Rd7 31. Kf2 Kg7
32. g3 Ne7 33. Ncb4 Nxd5 34. Nxd5 Kf7 35. Kf3 Be7 36. b4 Rd8 37. b5 Rc8 38.
bxa6 bxa6 39. Rb1 Ke6 40. h4 Rxc4 41. Rb7 Bf8 42. Rxh7 Ra4 43. Nc7+ Kf6 44.
Nd5+ Ke6 45. g4 Rc4 46. Nc7+ Rxc7 47. Rxc7 Be7 48. h5 gxh5 49. gxh5 Bg5 50.
Ra7 Bh6 51. Rxa6 Kd7 52. Ra7+ Kc6 53. Rh7 { Black resigns } 1-0

[Event "ICC tourney 2438 (75 10)"]
[Site "Internet Chess Club"]
[Date "2021.03.06"]
[Round "1"]
[White "ZHANG, ALEX:yangjunboy7"]
[Black "CARTER, DAVID E:CARTERD253"]
[Result "1-0"]
[ICCResult "Black resigns"]
[WhiteElo "1967"]
[BlackElo "2137"]
[Opening "QGD Slav defense: exchange variation"]
[ECO "D10"]
[NIC "SL.01"]
[Time "13:02:14"]
[PlyCount "87"]
[TimeControl "4500+10"]

1. d4 d5 2. c4 c6 3. cxd5 cxd5 4. Bf4 Nc6 5. e3 Bf5 6. Qb3 Qa5+ 7. Nc3 Nb4
8. Bb5+ Kd8 9. Nf3 e6 10. O-O Bc2 11. Qa3 Qxa3 12. bxa3 Nd3 13. Bxd3 Bxd3
14. Rfd1 Ba6 15. Ne5 Ke8 16. a4 f6 17. Nd3 Rc8 18. Nb5 Bxb5 19. axb5 g5 20.
Bg3 h5 21. h4 gxh4 22. Bxh4 Bd6 23. Rac1 Rxc1 24. Rxc1 Kd7 25. Nc5+ Bxc5
26. dxc5 Rh7 27. c6+ Kd6 28. cxb7 Rxb7 29. Rc8 Rg7 30. Rc6+ Ke5 31. a4 Rb7
32. Bg3+ Kf5 33. Rc7 Rxc7 34. Bxc7 Ne7 35. a5 e5 36. b6 axb6 37. axb6 Ke4
38. b7 Nc6 39. Kf1 d4 40. exd4 exd4 41. Ke2 f5 42. b8=Q Nxb8 43. Bxb8 h4
44. f3+ { Black resigns } 1-0

[Event "ICC tourney 2438 (75 10)"]
[Site "Internet Chess Club"]
[Date "2021.03.06"]
[Round "1"]
[White "OLDHAM, DAVID CODY:MalachiConstant"]
[Black "RAJANISH, ADHVAITH:Adhvaith0406"]
[Result "0-1"]
[ICCResult "White checkmated"]
[WhiteElo "1902"]
[BlackElo "2036"]
[Opening "Scotch: Mieses variation"]
[ECO "C45"]
[NIC "SO.04"]
[Time "13:03:00"]
[PlyCount "72"]
[TimeControl "4500+10"]

1. e4 e5 2. Nf3 Nc6 3. d4 exd4 4. Nxd4 Nf6 5. Nxc6 bxc6 6. e5 Qe7 7. Qe2
Nd5 8. c4 Nb6 9. g3 d6 10. Bg2 Bb7 11. O-O Qxe5 12. Qc2 O-O-O 13. Bf4 Qd4
14. Nd2 Kb8 15. a4 d5 16. b3 dxc4 17. bxc4 Bb4 18. Nf3 Qxc4 19. Qxc4 Nxc4
20. Rfc1 Nd6 21. Ne5 c5 22. Rab1 f6 23. Rxb4 cxb4 24. Nd3 Bxg2 25. Kxg2 g5
26. Be3 Nf5 27. Nxb4 Nxe3+ 28. fxe3 Rd2+ 29. Kf3 Re8 30. Na6+ Kb7 31. Nc5+
Kb6 32. a5+ Kb5 33. Nb3 Rxh2 34. Rxc7 h5 35. Rxa7 g4+ 36. Kf4 Rf2# { White
checkmated } 0-1

[Event "ICC tourney 2438 (75 10)"]
[Site "Internet Chess Club"]
[Date "2021.03.06"]
[Round "1"]
[White "SRIPADA, HAVISH:brilliantnessme"]
[Black "FENG, YANZHE:yanzhe"]
[Result "1/2-1/2"]
[ICCResult "Game drawn by mutual agreement"]
[WhiteElo "2036"]
[BlackElo "1902"]
[Opening "French: Rubinstein variation"]
[ECO "C10"]
[NIC "FR.07"]
[Time "13:02:07"]
[PlyCount "111"]
[TimeControl "4500+10"]

1. e4 e6 2. d4 d5 3. Nc3 dxe4 4. Nxe4 Nd7 5. Nf3 Ngf6 6. Nxf6+ Nxf6 7. Bd3
c5 8. O-O Qc7 9. Be3 Bd6 10. dxc5 Bxc5 11. Bxc5 Qxc5 12. Re1 O-O 13. Re5
Qc7 14. Qd2 h6 15. h3 Bd7 16. Rae1 Rfd8 17. Nd4 Be8 18. c3 a6 19. f4 Nd7
20. R5e2 Nc5 21. f5 Nxd3 22. Qxd3 Bb5 23. Nxb5 axb5 24. Qxb5 Rd5 25. Qb3
Rxf5 26. a3 Rd8 27. Qb4 Rd3 28. Qe4 Rg3 29. Re3 Qb6 30. b4 Rfg5 31. Re2
Rxh3 32. Qd4 Qxd4 33. cxd4 Rxe3 34. Rxe3 Rd5 35. Re4 Kf8 36. Kf2 Ke7 37.
Ke2 f5 38. Rh4 Kf6 39. Ke3 b5 40. Rh1 Kg5 41. Rc1 Kg4 42. Rc6 f4+ 43. Ke4
g5 44. Rxe6 Rd8 45. Rxh6 Re8+ 46. Kd5 Re2 47. Kc6 Rxg2 48. d5 Rd2 49. d6 f3
50. Kxb5 f2 51. Rf6 Kg3 52. Kc6 Kg2 53. d7 f1=Q 54. Rxf1 Kxf1 55. b5 g4 56.
b6 { Game drawn by mutual agreement } 1/2-1/2

[Event "ICC tourney 2438 (75 10)"]
[Site "Internet Chess Club"]
[Date "2021.03.06"]
[Round "1"]
[White "TANG, AUSTIN:Mrpeetapizza"]
[Black "MYSORE, ABHINAV NAVEEN:Mapking1"]
[Result "0-1"]
[ICCResult "White resigns"]
[WhiteElo "1874"]
[BlackElo "1979"]
[Opening "Sicilian: dragon, classical, Richter variation"]
[ECO "B73"]
[NIC "SI.15"]
[Time "13:02:46"]
[PlyCount "100"]
[TimeControl "4500+10"]

1. e4 c5 2. Nf3 d6 3. d4 cxd4 4. Nxd4 Nf6 5. Nc3 g6 6. Be2 Bg7 7. O-O O-O
8. Be3 Nc6 9. Qd2 Bd7 10. h3 Rc8 11. Rad1 a6 12. f4 b5 13. a3 Qc7 14. Bf3
Na5 15. Qf2 Nc4 16. Bc1 Nxa3 17. Rfe1 Nc4 18. e5 dxe5 19. fxe5 Nxe5 20. Bf4
Nxf3+ 21. Qxf3 Qc5 22. Kh2 Bc6 23. Nxc6 Qxc6 24. Qxc6 Rxc6 25. Rxe7 b4 26.
Na2 Rxc2 27. Nxb4 Rc4 28. Bd6 Rd8 29. Ree1 Rxd6 30. Rxd6 Rxb4 31. Rc1 h5
32. Rxa6 Rxb2 33. Rc8+ Kh7 34. Rc7 Ng4+ 35. hxg4 Be5+ 36. Kh3 Bxc7 37. gxh5
gxh5 38. Ra7 Rc2 39. Kh4 Rc5 40. Ra8 Bd6 41. Re8 Re5 42. Rxe5 Bxe5 43. Kxh5
Bg3 44. Kg4 Be1 45. Kf5 Kg7 46. g4 Bd2 47. Ke4 Kg6 48. Kf3 Kg5 49. Kg3 Ba5
50. Kf3 Bb6 { White resigns } 0-1

[Event "ICC tourney 2438 (75 10)"]
[Site "Internet Chess Club"]
[Date "2021.03.06"]
[Round "1"]
[White "DENG, HENRY:SuperPuzzler"]
[Black "LIU, FELIX YIPENG:closedforce"]
[Result "1-0"]
[ICCResult "Black resigns"]
[WhiteElo "2049"]
[BlackElo "1909"]
[Opening "French: Tarrasch, Botvinnik variation"]
[ECO "C05"]
[NIC "FR.17"]
[Time "13:02:06"]
[PlyCount "93"]
[TimeControl "4500+10"]

1. e4 e6 2. d4 d5 3. Nd2 Nf6 4. e5 Nfd7 5. Bd3 c5 6. c3 b6 7. Ne2 Ba6 8.
Bxa6 Nxa6 9. Nf4 Nc7 10. O-O c4 11. Qg4 b5 12. Nf3 g6 13. a3 a5 14. Bd2 Nb8
15. h4 h5 16. Qg3 Nc6 17. Nh3 b4 18. axb4 axb4 19. Bg5 Be7 20. Qf4 Rxa1 21.
Rxa1 bxc3 22. bxc3 Nb5 23. Bxe7 Nxe7 24. Qd2 O-O 25. Nfg5 Nf5 26. g3 Qb6
27. Nf4 Rb8 28. Qb2 Qc7 29. Rb1 Qa5 30. Kg2 Rb7 31. Qc1 Ra7 32. Ne2 Kg7 33.
Qb2 Rb7 34. Qc2 Na3 35. Qxf5 Nxb1 36. Qf6+ Kg8 37. Nf4 Nxc3 38. Nxg6 fxg6
39. Qxg6+ Kf8 40. Nxe6+ Ke7 41. Qf6+ Kd7 42. Nc5+ Kc8 43. Qc6+ Qc7 44. Qe6+
Kd8 45. Qg8+ Ke7 46. Nxb7 Ne2 47. Qg7+ { Black resigns } 1-0

[Event "ICC tourney 2438 (75 10)"]
[Site "Internet Chess Club"]
[Date "2021.03.06"]
[Round "1"]
[White "GAO, MATTHEW IAN:xcelswimmer"]
[Black "JORAJURIA MENDOZA, ALGOL:AJM04"]
[Result "1-0"]
[ICCResult "Black resigns"]
[WhiteElo "1916"]
[BlackElo "2050"]
[Opening "QGD Slav: exchange variation"]
[ECO "D13"]
[NIC "SL.02"]
[Time "13:02:12"]
[PlyCount "111"]
[TimeControl "4500+10"]

1. d4 d5 2. c4 c6 3. cxd5 cxd5 4. Nf3 Nf6 5. Nc3 Nc6 6. Bf4 a6 7. Rc1 e6 8.
e3 Be7 9. Bd3 Nh5 10. Bg3 Nxg3 11. hxg3 g6 12. a3 Bf6 13. Qd2 Bg7 14. Na4
O-O 15. Nc5 Qd6 16. b4 Ne7 17. O-O b6 18. Nb3 Bb7 19. a4 Nc6 20. b5 Nb4 21.
Nc5 Nxd3 22. Nxb7 Qd7 23. Qxd3 Qxb7 24. Rc6 axb5 25. Qxb5 Ra5 26. Qxb6 Qxb6
27. Rxb6 Rxa4 28. Rfb1 Ra2 29. R1b2 Rxb2 30. Rxb2 Ra8 31. g4 h6 32. g3 Bf6
33. Kg2 Ra7 34. Ne5 Rc7 35. Ra2 Be7 36. Ra6 Kg7 37. f4 Bb4 38. Ra2 f6 39.
Nd3 Be7 40. Kf3 Kf7 41. f5 gxf5 42. gxf5 Rd7 43. fxe6+ Kxe6 44. Nf4+ Kf7
45. Ra5 Rb7 46. Nxd5 Bd8 47. Ra6 Rb1 48. Ra7+ Ke6 49. Nf4+ Kd6 50. Rh7 Rh1
51. Kg2 Re1 52. Kf3 Rh1 53. Ke4 Ba5 54. Ra7 Be1 55. Ra1 Rg1 56. Nd3 { Black
resigns } 1-0

[Event "ICC tourney 2438 (75 10)"]
[Site "Internet Chess Club"]
[Date "2021.03.06"]
[Round "1"]
[White "WENG, NICHOLAS RUOGU:greenninja"]
[Black "Heidari, Ako:Ako-Ako"]
[Result "1-0"]
[ICCResult "Black resigns"]
[WhiteElo "2055"]
[BlackElo "1920"]
[Opening "French: Tarrasch, open, 4.ed ed"]
[ECO "C08"]
[NIC "FR.20"]
[Time "13:03:00"]
[PlyCount "77"]
[TimeControl "4500+10"]

1. e4 e6 2. d4 d5 3. Nd2 c5 4. exd5 exd5 5. Bb5+ Nc6 6. Ngf3 Qe7+ 7. Qe2
Qxe2+ 8. Kxe2 a6 9. Bxc6+ bxc6 10. dxc5 Bxc5 11. c4 Ne7 12. Nb3 Bd6 13. c5
Bc7 14. h3 O-O 15. Re1 Re8 16. Kf1 a5 17. Nbd4 Ba6+ 18. Kg1 Bb7 19. Bd2 Ng6
20. g3 Ne5 21. Bf4 f6 22. Kg2 g6 23. Re3 Nxf3 24. Kxf3 Bxf4 25. gxf4 Rxe3+
26. fxe3 a4 27. Rb1 Kf7 28. b4 axb3 29. axb3 Bc8 30. b4 Bf5 31. Rb3 Bxh3
32. Nxc6 Bd7 33. Nd4 Ba4 34. Rb1 h5 35. b5 Ke8 36. c6 Rc8 37. b6 Bxc6 38.
Nxc6 Kd7 39. b7 { Black resigns } 1-0

[Event "ICC tourney 2438 (75 10)"]
[Site "Internet Chess Club"]
[Date "2021.03.06"]
[Round "1"]
[White "YERRA, SAI SNEHA:saisneha"]
[Black "HU, ALEXANDER C:ahu1015"]
[Result "1-0"]
[ICCResult "Black checkmated"]
[WhiteElo "1901"]
[BlackElo "2015"]
[Opening "Grünfeld: exchange variation"]
[ECO "D85"]
[NIC "GI.04"]
[Time "13:03:00"]
[PlyCount "67"]
[TimeControl "4500+10"]

1. d4 Nf6 2. c4 g6 3. Nc3 d5 4. cxd5 Nxd5 5. e4 Nxc3 6. bxc3 Bg7 7. Bb5+ c6
8. Ba4 O-O 9. Nf3 Qa5 10. Bd2 Bg4 11. O-O Bxf3 12. gxf3 Qc7 13. Qe2 e5 14.
Be3 f5 15. Rfd1 Nd7 16. dxe5 Bxe5 17. f4 Bg7 18. e5 g5 19. e6 Nf6 20. fxg5
Nd5 21. Bd4 f4 22. Qf3 Rae8 23. Bb3 Rxe6 24. Bxg7 Kxg7 25. Bxd5 cxd5 26.
Rxd5 Qc6 27. Rad1 Rf7 28. Qd3 f3 29. Qd4+ Kg6 30. h4 Qe8 31. h5+ Kxh5 32.
g6+ Kxg6 33. Qg4+ Kf6 34. Qg5# { Black checkmated } 1-0

[Event "ICC tourney 2438 (75 10)"]
[Site "Internet Chess Club"]
[Date "2021.03.06"]
[Round "1"]
[White "HO, COOPER:arsenicblast"]
[Black "GAW, CHLOE:HarleyQueen8"]
[Result "1-0"]
[ICCResult "Black checkmated"]
[WhiteElo "1975"]
[BlackElo "1866"]
[Opening "Sicilian: Richter-Rauzer, Rauzer attack, 7...a6 defense, 8...Bd7"]
[ECO "B67"]
[NIC "SI.30"]
[Time "13:02:06"]
[PlyCount "67"]
[TimeControl "4500+10"]

1. e4 c5 2. Nf3 d6 3. d4 cxd4 4. Nxd4 Nf6 5. Nc3 Nc6 6. Bg5 e6 7. Qd2 a6 8.
O-O-O Bd7 9. f4 b5 10. Qe1 Qc7 11. Nf3 Rc8 12. Bd3 Nb4 13. Kb1 Nxd3 14.
cxd3 b4 15. Ne2 Qc2+ 16. Ka1 Qa4 17. Ned4 Rb8 18. b3 Qa5 19. Rc1 Qb6 20.
Rc2 a5 21. Qd2 a4 22. Rhc1 Ra8 23. Bh4 e5 24. Ne2 axb3 25. Rb2 bxa2 26.
Rxb4 Qa5 27. Rb8+ Ke7 28. Qxa5 Rxa5 29. Rc7 exf4 30. Nxf4 h6 31. Nd4 Rc5
32. Nd5+ Rxd5 33. exd5 g6 34. Nc6# { Black checkmated } 1-0

[Event "ICC tourney 2438 (75 10)"]
[Site "Internet Chess Club"]
[Date "2021.03.06"]
[Round "2"]
[White "FANG, JADEN:SaltyCarrot777"]
[Black "TURCOTTE,JONATHAN:JonnyTurgi"]
[Result "1/2-1/2"]
[ICCResult "Game drawn by repetition"]
[WhiteElo "2002"]
[BlackElo "2087"]
[Opening "Caro-Kann: classical variation"]
[ECO "B18"]
[NIC "CK.10"]
[Time "16:31:53"]
[PlyCount "50"]
[TimeControl "4500+10"]

1. e4 c6 2. d4 d5 3. Nc3 dxe4 4. Nxe4 Bf5 5. Ng3 Bg6 6. Nf3 Nd7 7. Bd3 Bxd3
8. Qxd3 e6 9. O-O Ngf6 10. Bf4 Be7 11. Ne4 Nxe4 12. Qxe4 Nf6 13. Qe2 O-O
14. c4 Qa5 15. b3 b5 16. Rfc1 Rac8 17. Ne5 Ba3 18. Rc2 Rfd8 19. Be3 bxc4
20. Rxc4 Qb5 21. Rd1 Nd5 22. Qc2 Nb4 23. Qe2 Nd5 24. Qc2 Nb4 25. Qe2 Nd5 {
Game drawn by repetition } 1/2-1/2

[Event "ICC tourney 2438 (75 10)"]
[Site "Internet Chess Club"]
[Date "2021.03.06"]
[Round "2"]
[White "GOKTEPE, DERIN:CoolKoiFish"]
[Black "UAN-ZO-LI, SEAN A:BreadBasket"]
[Result "0-1"]
[ICCResult "White resigns"]
[WhiteElo "1941"]
[BlackElo "1900"]
[Opening "QGD: exchange, positional line"]
[ECO "D35"]
[NIC "QO.16"]
[Time "16:31:56"]
[PlyCount "104"]
[TimeControl "4500+10"]

1. d4 d5 2. c4 e6 3. Nc3 Nf6 4. cxd5 exd5 5. Bg5 Be7 6. Qc2 c6 7. e3 b5 8.
a3 a5 9. Bd3 h6 10. Bh4 O-O 11. Nge2 Na6 12. O-O Bb7 13. f3 b4 14. Na4 Rc8
15. Nc5 Nxc5 16. dxc5 Nd7 17. Bxe7 Qxe7 18. Bf5 Qxe3+ 19. Kh1 Rc7 20. Bxd7
Rxd7 21. Rfd1 b3 22. Qd3 Qxd3 23. Rxd3 Ba6 24. Rd2 Bxe2 25. Rxe2 d4 26. Rd1
Rd5 27. Red2 Rfd8 28. Rd3 a4 29. Kg1 Rxc5 30. Rxd4 Rxd4 31. Rxd4 Rc2 32.
Rxa4 Rxb2 33. Ra8+ Kh7 34. Rb8 c5 35. Kf1 c4 36. Rc8 Rc2 37. Rb8 b2 38. a4
Rc1+ 39. Kf2 b1=Q 40. Rxb1 Rxb1 41. a5 Ra1 42. Ke3 Rxa5 43. Kd4 Ra4 44. Kc3
Kg6 45. g3 Kf6 46. h3 Ke5 47. h4 Kd5 48. g4 Ra3+ 49. Kc2 Rxf3 50. h5 Kd4
51. g5 hxg5 52. h6 gxh6 { White resigns } 0-1

[Event "ICC tourney 2438 (75 10)"]
[Site "Internet Chess Club"]
[Date "2021.03.06"]
[Round "2"]
[White "CAO, TIMOTHY:tcao"]
[Black "ZHANG, ALEX:yangjunboy7"]
[Result "1/2-1/2"]
[ICCResult "Game drawn by mutual agreement"]
[WhiteElo "2067"]
[BlackElo "1967"]
[Opening "Caro-Kann: Tartakower (Nimzovich) variation"]
[ECO "B15"]
[NIC "CK.06"]
[Time "16:31:58"]
[PlyCount "117"]
[TimeControl "4500+10"]

1. e4 c6 2. d4 d5 3. Nc3 dxe4 4. Nxe4 Nf6 5. Nxf6+ exf6 6. Nf3 Bd6 7. Be2
O-O 8. O-O Re8 9. Be3 Nd7 10. c4 Nf8 11. Qc2 Bg4 12. Rfe1 Qc7 13. h3 Bh5
14. Rad1 Bf4 15. Bxf4 Qxf4 16. d5 cxd5 17. cxd5 Qd6 18. Nh4 Bg6 19. Nxg6
Nxg6 20. Qb3 Re7 21. Bf3 Ne5 22. Re3 Rae8 23. Rde1 g6 24. Be2 a6 25. Rd1
Kg7 26. Qa3 Qxa3 27. bxa3 Rd8 28. f4 Nf3+ 29. Kf2 Rxe3 30. Kxe3 Nh4 31. g4
g5 32. f5 Ng2+ 33. Ke4 Nf4 34. Bf1 Re8+ 35. Kf3 Rd8 36. d6 Kf8 37. h4 Ke8
38. hxg5 fxg5 39. Ke4 Kd7 40. Ke5 Re8+ 41. Kf6 Re3 42. Kxg5 Nh3+ 43. Bxh3
Rxh3 44. Kf6 Rxa3 45. Kxf7 Rxa2 46. Kg7 b5 47. f6 b4 48. f7 Rf2 49. f8=Q
Rxf8 50. Kxf8 a5 51. Kg7 a4 52. Kxh7 b3 53. Ra1 b2 54. Rb1 a3 55. g5 a2 56.
Rxb2 a1=Q 57. Rb7+ Kxd6 58. Rf7 Qh1+ 59. Kg7 { Game drawn by mutual
agreement } 1/2-1/2

[Event "ICC tourney 2438 (75 10)"]
[Site "Internet Chess Club"]
[Date "2021.03.06"]
[Round "2"]
[White "JORAJURIA MENDOZA, ALGOL:AJM04"]
[Black "OLDHAM, DAVID CODY:MalachiConstant"]
[Result "1/2-1/2"]
[ICCResult "Game drawn by repetition"]
[WhiteElo "2050"]
[BlackElo "1902"]
[Opening "Ruy Lopez: open, classical defense"]
[ECO "C83"]
[NIC "RL.29"]
[Time "16:32:02"]
[PlyCount "64"]
[TimeControl "4500+10"]

1. e4 e5 2. Nf3 Nc6 3. Bb5 a6 4. Ba4 Nf6 5. O-O Nxe4 6. d4 b5 7. Bb3 d5 8.
dxe5 Be6 9. c3 Be7 10. Nbd2 Nc5 11. Bc2 Bg4 12. h3 Bh5 13. g4 Bg6 14. Nb3
Bxc2 15. Qxc2 h5 16. Nxc5 hxg4 17. e6 Bxc5 18. exf7+ Kxf7 19. Qf5+ Qf6 20.
Qxd5+ Kg6 21. Qe4+ Kf7 22. Ng5+ Kf8 23. Ne6+ Kf7 24. Nxc5 Ne5 25. Qf4 Nf3+
26. Kg2 Rxh3 27. Qxf6+ gxf6 28. Bf4 Nh4+ 29. Kg1 Nf3+ 30. Kg2 Nh4+ 31. Kg1
Nf3+ 32. Kg2 Nh4+ { Game drawn by repetition } 1/2-1/2

[Event "ICC tourney 2438 (75 10)"]
[Site "Internet Chess Club"]
[Date "2021.03.06"]
[Round "2"]
[White "ZHANG, ROGER:RogerZ"]
[Black "SRIPADA, HAVISH:brilliantnessme"]
[Result "0-1"]
[ICCResult "White resigns"]
[WhiteElo "1957"]
[BlackElo "2036"]
[Opening "Sicilian: Sozin with ...a6 and ...b5"]
[ECO "B87"]
[NIC "SI.13"]
[Time "16:32:03"]
[PlyCount "56"]
[TimeControl "4500+10"]

1. e4 c5 2. Nf3 d6 3. d4 cxd4 4. Nxd4 Nf6 5. Nc3 a6 6. Bc4 e6 7. Bb3 b5 8.
O-O Be7 9. Qf3 Bb7 10. Bxe6 fxe6 11. Nxe6 Qc8 12. Nxg7+ Kf7 13. Nf5 b4 14.
Nd5 Bxd5 15. exd5 Qxc2 16. Bg5 Nbd7 17. Rac1 Qxb2 18. Rc7 Rad8 19. Re1 Rhe8
20. Re2 Bf8 21. Rxe8 Rxe8 22. Rxd7+ Kg8 23. h4 Nxd7 24. Qg3 Qb1+ 25. Kh2
Qxf5 26. Be7+ Qg6 27. Qxg6+ hxg6 28. Bxf8 Rxf8 { White resigns } 0-1

[Event "ICC tourney 2438 (75 10)"]
[Site "Internet Chess Club"]
[Date "2021.03.06"]
[Round "2"]
[White "KONEZNY, STUART:ChessCatMN08"]
[Black "LIU, FELIX YIPENG:closedforce"]
[Result "0-1"]
[ICCResult "White checkmated"]
[WhiteElo "1954"]
[BlackElo "1909"]
[Opening "King's Indian: orthodox, Aronin-Taimanov, bayonet attack"]
[ECO "E97"]
[NIC "KI.05"]
[Time "16:32:11"]
[PlyCount "54"]
[TimeControl "4500+10"]

1. d4 Nf6 2. c4 g6 3. Nc3 Bg7 4. e4 d6 5. Nf3 O-O 6. Be2 e5 7. O-O Nc6 8.
d5 Ne7 9. b4 Nh5 10. Nd2 Nf4 11. c5 f5 12. f3 g5 13. Nc4 g4 14. Bxf4 exf4
15. Rc1 gxf3 16. gxf3 fxe4 17. fxe4 Ng6 18. Kh1 Ne5 19. Nxe5 Bxe5 20. Bg4
Kh8 21. Bxc8 Rxc8 22. Qf3 Qh4 23. Ne2 Rf6 24. Rg1 Rh6 25. Rg2 Rg8 26. Rxg8+
Kxg8 27. cxd6 Qxh2# { White checkmated } 0-1

[Event "ICC tourney 2438 (75 10)"]
[Site "Internet Chess Club"]
[Date "2021.03.06"]
[Round "2"]
[White "FENG, YANZHE:yanzhe"]
[Black "OPASKA, MICHAEL:mopaska1106"]
[Result "1-0"]
[ICCResult "Black checkmated"]
[WhiteElo "1902"]
[BlackElo "1945"]
[Opening "Dutch: Leningrad variation"]
[ECO "A86"]
[NIC "HD.07"]
[Time "16:32:01"]
[PlyCount "91"]
[TimeControl "4500+10"]

1. d4 f5 2. c4 Nf6 3. g3 g6 4. Bg2 Bg7 5. Nc3 O-O 6. e3 d6 7. Nf3 Nc6 8. d5
Ne5 9. Nxe5 dxe5 10. e4 e6 11. O-O f4 12. Qe2 g5 13. Rd1 Qe7 14. Rb1 g4 15.
gxf4 exf4 16. Bxf4 Nh5 17. Bg3 e5 18. b4 Nf4 19. Qd2 h5 20. d6 cxd6 21.
Qxd6 Qg5 22. Nd5 Nxg2 23. Kxg2 h4 24. Ne7+ Kh7 25. c5 Bf6 26. Nd5 Bg7 27.
Nc7 Rb8 28. Nd5 Rd8 29. Qxb8 Bf5 30. Nf6+ Qxf6 31. Qxd8 Bxe4+ 32. Kg1 Qf3
33. Qxh4+ Kg8 34. Rd8+ Kf7 35. Rd7+ Kg8 36. Rd8+ Kf7 37. Qh5+ Ke6 38. Qe8+
Kf6 39. Qxe5+ Kg6 40. Rd6+ Kh7 41. Qh5+ Kg8 42. Rd8+ Bf8 43. Qg5+ Kh7 44.
Rd7+ Kh8 45. Be5+ Bg7 46. Qxg7# { Black checkmated } 1-0